 Dungeon Crawl Stone Soup version 0.30-a0-4-ga7cffc901d (webtiles) character file.

Game seed: 6636468790109466836

252 Descartes the Cudgeller (level 6, -2/47 HPs)
             Began as a Meteoran Chaos Knight on Aug 21, 2022.
             Was a Plaything of Xom.
             Slain by PirateVox's ghost (4 damage)
             ... on level 3 of the Dungeon.
             The game lasted 00:08:28 (1312 turns).

Descartes the Cudgeller (Meteoran Chaos Knight)     Turns: 1312, Time: 00:08:28

Health: -2/47      AC:  8    Str: 13      XL:     6   Next: 63%
Magic:  7/7        EV: 15    Int:  9 (10) God:    Xom [*.....]
Gold:   125        SH:  0    Dex: 18 (20) Spells: 5/5 levels left

rFire   . . .      SeeInvis .    a - +0 mace (chaos)
rCold   . . .      Faith    .    (no shield)
rNeg    . . .      Spirit   .    l - +0 ring mail
rPois   .          Reflect  .    j - +0 helmet
rElec   .          Harm     .    (no cloak)
rCorr   .          Rampage  .    (no gloves)
Will    .....                    f - +0 pair of boots
Stlth   +.........               (no amulet)
HPRegen 0.15/turn                n - +4 ring of evasion
MPRegen 0.10/turn                v - +6 ring of dexterity

@: glowing, unable to drink
A: sense surroundings 1, otherworldly, glowing, explore regen, deterioration 1,
dopey 2, frail 1, weak 1, inability to drink after injury 1
a: Renounce Religion


You were on level 3 of the Dungeon.
You worshipped Xom.
You were a special plaything of Xom.
You visited 1 branch of the dungeon, and saw 3 of its levels.

You collected 125 gold pieces.

Inventory:

Hand Weapons
 a - a +0 mace of chaos (weapon)
 q - a +0 battleaxe
 C - a +4 scythe of protection
Missiles
 d - 19 stones
 e - 6 atropa-tipped darts
 g - 5 poisoned darts
 i - 4 javelins
 m - 7 boomerangs
Armour
 b - a +2 leather armour
 f - a +0 pair of boots (worn)
 j - a +0 helmet (worn)
 l - a +0 ring mail (worn)
Magical Staves
 x - a staff of death
Jewellery
 n - a +4 ring of evasion (left hand)
 u - a +6 ring of intelligence
 v - a +6 ring of dexterity (right hand)
Wands
 B - a wand of polymorph (4)
Scrolls
 o - a scroll of vulnerability {unknown}
 r - 2 scrolls of teleportation {unknown}
 s - a scroll of fear {unknown}
 t - 2 scrolls of magic mapping {unknown}
 w - a scroll of enchant weapon {unknown}
 y - a scroll of identify {unknown}
Potions
 h - 2 potions of curing {unknown}
 k - a potion of mutation {unknown}
 p - a potion of magic {unknown}
 z - a potion of heal wounds {unknown}
 A - a potion of flight {unknown}
Miscellaneous
 c - a piece from Xom's chessboard (15/15) (quivered)


   Skills:
 + Level 4.4 Fighting
 + Level 2.5(4.0) Axes
 + Level 5.3(5.6) Maces & Flails
 + Level 4.0 Armour
 - Level 1.8 Dodging
 + Level 2.5 Evocations


You had 5 spell levels left.
You didn't know any spells.
Your spell library was empty.

Dungeon Overview and Level Annotations

Branches:
Dungeon (3/15) Zot: 469

Altars:

Annotations:
D:3 PirateVox's ghost, amateur TrHu


Innate Abilities, Weirdness & Mutations

You passively map a small area around you.
You are easily found by Zot.
You glow in the dark.
You regain HP and MP as you explore.
Your body sometimes deteriorates upon taking damage.
You are very dopey. (Int -4)
You are frail. (-10% HP)
You are weak. (Str -2)
You occasionally lose the ability to drink potions when taking damage.


Message History

Your iron imp hits PirateVox's ghost.
Your white imp misses PirateVox's ghost. x2
PirateVox's ghost hits your iron imp!
You can drink potions again.
You swap places.
PirateVox's ghost hits your crimson imp!
Your crimson imp hits PirateVox's ghost but does no damage.
Unknown command.
PirateVox's ghost hits your crimson imp!
Your crimson imp dies!
Your crimson imp disappears in a puff of smoke!
Your ufetubus hits PirateVox's ghost.
Your ufetubus hits PirateVox's ghost but does no damage.
PirateVox's ghost hits your ufetubus.
Your ufetubus hits PirateVox's ghost but does no damage.
Your ufetubus barely misses PirateVox's ghost.
PirateVox's ghost hits your ufetubus but does no damage.
Your ufetubus closely misses PirateVox's ghost. x2
PirateVox's ghost completely misses your ufetubus.
Your ufetubus hits PirateVox's ghost.
Your ufetubus barely misses PirateVox's ghost.
PirateVox's ghost hits your ufetubus but does no damage.
Your ufetubus barely misses PirateVox's ghost. x2
PirateVox's ghost hits your ufetubus!
Your ufetubus dies!
Your ufetubus disappears in a puff of smoke!
PirateVox's ghost hits you but does no damage.
You hit PirateVox's ghost. You freeze PirateVox's ghost.
PirateVox's ghost is heavily damaged.
PirateVox's ghost hits you!
You feel threatened and lose the ability to drink potions!
* * * LOW HITPOINT WARNING * * *
Your body deteriorates!
You feel clumsy. PirateVox's ghost hits you.
* * * LOW HITPOINT WARNING * * *
You cannot drink potions in your current state!
You cannot drink potions in your current state!
PirateVox's ghost hits you.
You die...
Xom chortles!

##.# #.....# #.# ##'## #######
#.### #...## ############...#
.....## #...._....##...## #
......## ##.#######.##....## ##
.......####..#######.###....####.
.......'....###....[...........'.
.......####.# #.#.####.#.....###.
......## #.###W@## #.#.#.#.# ##
.....## #.....## #.#.###.# #
#...## ###.### #.#.# #.# ##'##
#.# #.#.# #.# #.# #.# #.#.###.#
#.# #.# #.......# ##.## ######.#
###.##### #...####....W.#
#.######## .....##..W#####
#.........


You could see PirateVox's ghost (fast).

Vanquished Creatures
  Sigmund (D:3)
  4 gnolls (D:2)
  2 adders (D:2)
  A worm (D:2)
  A dart slug (D:2)
  5 endoplasms
  4 goblins (D:2)
  2 hobgoblins
  2 quokkas
  3 ball pythons
  2 bats
  A frilled lizard (D:1)
  5 kobolds
  3 rats
36 creatures vanquished.

Notes
Turn   | Place    | Note
-------+----------+-------------------------------------------
     0 | D:1      | Descartes the Meteoran Chaos Knight began the quest for the
                  | Orb.
     0 | D:1      | Reached XP level 1. HP: 19/19 MP: 2/2
    87 | D:1      | XOM: silly message
   274 | D:1      | XOM: divination: detect items
   293 | D:1      | Reached XP level 2. HP: 17/26 MP: 3/3
   483 | D:2      | Reached XP level 3. HP: 31/31 MP: 4/4
   504 | D:2      | XOM is BORED!
   504 | D:2      | XOM: silly message
   522 | D:2      | XOM: silly message
   528 | D:2      | XOM: potion effect (heal wounds)
   529 | D:2      | XOM: confuse monster(s)
   536 | D:2      | Reached XP level 4. HP: 36/40 MP: 5/5
   537 | D:2      | Reached skill level 1 in Evocations
   545 | D:2      | XOM: divination: magic mapping
   548 | D:2      | Reached skill level 1 in Axes
   737 | D:2      | XOM: give mutations
   737 | D:2      | Gained mutation: You are frail. (-10% HP) [Xom's mischief]
   737 | D:2      | Gained mutation: You occasionally lose the ability to drink
                  | potions when taking damage. [Xom's mischief]
   794 | D:2      | XOM: give mutations
   794 | D:2      | Gained mutation: You are dopey. (Int -2) [Xom's mischief]
   794 | D:2      | Gained mutation: You are very dopey. (Int -4) [Xom's
                  | mischief]
   794 | D:2      | Gained mutation: You are weak. (Str -2) [Xom's mischief]
   794 | D:2      | Gained mutation: Your body sometimes deteriorates upon
                  | taking damage. [Xom's mischief]
   841 | D:2      | Reached XP level 5. HP: 41/41 MP: 6/6
   890 | D:2      | XOM: stat loss: -1 Str (12/13)
  1101 | D:3      | Noticed Sigmund
  1112 | D:3      | Killed Sigmund
  1113 | D:3      | Reached skill level 5 in Maces & Flails
  1113 | D:3      | Reached XP level 6. HP: 37/47 MP: 7/7
  1117 | D:3      | Found a faded altar of an unknown god.
  1265 | D:3      | Found a runed translucent door.
  1267 | D:3      | Noticed PirateVox's ghost (amateur TrHu)
  1269 | D:3      | XOM: stat loss: -1 Dex (19/20)
  1285 | D:3      | XOM: summons 6 friendly demons
  1311 | D:3      | HP: 2/47 [PirateVox's ghost (3)]
  1312 | D:3      | Slain by PirateVox's ghost

Illustrated notes

Levels and vault maps discovered:
D:1:      dpeg_arrival_rooms_b, layout_rooms
D:2:      minmay_door_path, layout_loops_ring, grunt_ministairs_6,
          chequers_serial_rivers_micro_a, kennysheep_generic_room_8
D:3:      layout_loops_corners, ebering_ecumenical_altar_hall,
          ebering_ghost_reflecting_pool, uniq_sigmund

Skill      XL: |  1  2  3  4  5 |
---------------+----------------+-----
Armour         | 3 4 |  4.0
Evocations     | 1 2 |  2.5
Axes           | 1 2 |  2.5
Fighting       | 4 |  4.4
Maces & Flails | 5 |  5.3
Dodging        | |  1.8

Action                   |  1- 3 |  4- 6 || total
-------------------------+-------+-------++-------
Melee: Mace              |    36 |    84 ||   120
       Punch             |     1 |       ||     1
 Stab: Petrifying        |     1 |       ||     1
Armor: Ring mail         |    12 |    25 ||    37
       Leather armour    |     3 |       ||     3
Dodge: Dodged            |    25 |    54 ||    79

Table legend: (Time is in decaauts)
 A = Elapsed time spent in this place.
 B = Non-inter-level travel time spent in this place.
 C = Inter-level travel time spent in this place.
 D = Time resting spent in this place.
 E = Time spent auto-exploring this place.
 F = Levels seen in this place.
 G = Mean time per level.
                   A        B        C        D        E       F      G
               +--------+--------+--------+--------+--------+-----+--------+
         Total |   1330 |   1330 |      0 |    124 |     11 |   3 |  443.3 |
       Dungeon |   1330 |   1330 |      0 |    124 |     11 |   3 |  443.3 |
               +--------+--------+--------+--------+--------+-----+--------+

Top non-repeatable levels by time:
     D:2: 498 daAuts
     D:1: 483 daAuts
     D:3: 348 daAuts
